 Dungeon Crawl Stone Soup version 0.23.2-1-ga50397a6bc (webtiles) character file.

Game seed: 7814690055282457254

945 MachJacob the Purveyor of Pain (level 8, -1/66 HPs)
             Began as a Hill Orc Necromancer on Apr 29, 2019.
             Was an Initiate of Kikubaaqudgha.
             Slain by a bullfrog (7 damage)
             ... on level 7 of the Dungeon.
             The game lasted 00:43:33 (9961 turns).

MachJacob the Purveyor of Pain (HONe)               Turns: 9961, Time: 00:43:34

Health: -1/66      AC:  6    Str: 11    XL:     8   Next: 13%
Magic:  9/13       EV: 11    Int: 17    God:    Kikubaaqudgha [......]
Gold:   314        SH:  0    Dex: 11    Spells: 8/14 levels left

rFire    . . .     SeeInvis .   b - +0 spear
rCold    . . .     Gourm    .   (no shield)
rNeg     . . .     Faith    .   a - +0 robe
rPois    +         Spirit   .   (no helmet)
rElec    .         Reflect  .   (no cloak)
rCorr    .         Harm     .   p - +2 pair of gloves
MR       .....                  j - +0 pair of boots
Stlth    +.........             (no amulet)
HPRegen  0.21/turn              o - ring of poison resistance
MPRegen  0.13/turn              (no ring)

@: heavily drained
A: no striking features
a: Renounce Religion


You were on level 7 of the Dungeon.
You worshipped Kikubaaqudgha.
Kikubaaqudgha was noncommittal.
You were very hungry.

You visited 2 branches of the dungeon, and saw 8 of its levels.

You collected 314 gold pieces.

Inventory:

Hand Weapons
 b - a +0 spear (weapon)
Missiles
 g - 138 stones (quivered)
Armour
 a - a +0 robe (worn)
 j - a +0 pair of boots (worn)
 p - a +2 pair of gloves (worn)
Jewellery
 o - a ring of poison resistance (left hand)
Wands
 q - a wand of acid (2)
 y - a wand of flame (17)
Scrolls
 d - a scroll of enchant weapon {unknown}
 f - a scroll of blinking {unknown}
 h - 2 scrolls of enchant armour {unknown}
 k - 4 scrolls of identify
 m - 3 scrolls of remove curse
 n - 2 scrolls of magic mapping
 t - a scroll of teleportation {unknown}
 w - a scroll of holy word {unknown}
 A - a scroll of immolation {unknown}
Potions
 e - 2 potions of agility
 i - 2 potions of heal wounds
 l - a potion of curing
 r - 2 potions of invisibility
 s - 2 potions of magic
 u - 2 potions of mutation {unknown}
 v - a potion of cancellation {unknown}
 x - 2 potions of haste {unknown}
 z - 2 potions of lignification {unknown}
Comestibles
 c - 7 rations


   Skills:
 + Level 4.1(1.3) Fighting
 - Level 1.5(0.0) Dodging
 - Level 1.5(0.0) Stealth
 + Level 3.8(1.1) Spellcasting
 * Level 7.9(4.9) Necromancy


You had 8 spell levels left.
You knew the following spells:

 Your Spells              Type           Power        Failure   Level  Hunger
a - Pain                  Necr           ###.         2%          1    ##.....
b - Animate Skeleton      Necr           N/A          2%          1    ##.....
c - Animate Dead          Necr           N/A          28%         4    #####..

Your spell library contained the following spells:

 Spells                   Type           Power        Failure   Level  Hunger
 Vampiric Draining        Necr           ###.......   9%          3    ####...
 Regeneration             Chrm/Necr      #.........   24%         3    ####...


Dungeon Overview and Level Annotations

Branches:
Dungeon (7/15)             Temple (1/1) D:5

Altars:
Ashenzari
Cheibriados
Dithmenos
Elyvilon
Fedhas
Gozag
Hepliaklqana
Kikubaaqudgha
Makhleb
Nemelex Xobeh
Okawaru
Qazlal
Ru
Sif Muna
Trog
Uskayaw
Vehumet
Wu Jian
Xom
Yredelemnul
Zin
The Shining One

Shops:
D:5 [

Annotations:
D:5 Edmund


Message History

The bullfrog hits you.
* * * LOW HITPOINT WARNING * * *
The adder barely misses you. Something hits you but does no damage.
The bullfrog hits you.
* * * LOW HITPOINT WARNING * * *
Memorise Vampiric Draining, consuming 3 spell levels and leaving 5?
The bullfrog hits you but does no damage.
Your memorisation is interrupted.
The bullfrog barely misses you.
You barely miss the bullfrog.
The bullfrog hits you but does no damage.
You hit the bullfrog.
The bullfrog is lightly wounded.
The bullfrog closely misses you. The bullfrog hits you!
* * * LOW HITPOINT WARNING * * *
You barely miss the bullfrog.
The bullfrog is lightly wounded.
The bullfrog hits you!
You die...
Kikubaaqudgha rasps: "You have failed me!
Welcome... death!"

#........ #........
#.......# ......#
#....#+# #......# #
#...<..#
#.#.#.###....#####
.......@FS.........
......####...#.....
#.#.# #...#.#... #
##.## . #. #.# #.
... .# #... ..#


You could see a bullfrog and an adder.

Vanquished Creatures
  An ice beast (D:6)
  Blork the orc (D:4)
  2 wights (D:5)
  2 howler monkeys (D:4)
  A bullfrog zombie (D:5)
  3 hounds (D:5)
  A jelly (D:5)
  4 orc priests
  An iguana (D:5)
  A gnoll shaman (D:5)
  A howler monkey zombie (D:6)
  5 gnolls (D:5)
  7 adders
  2 shadow imps (D:5)
  An ooze (D:3)
  2 adder skeletons (D:4)
  2 worms
  A dart slug (D:2)
  A leopard gecko (D:4)
  9 orcs
  9 bats
  4 giant cockroaches
  2 hobgoblins
  9 jackals
  3 quokkas
  A ball python (D:1)
  6 frilled lizards
  11 goblins
  8 kobolds
  3 rats
104 creatures vanquished.

Vanquished Creatures (collateral kills)
  An ogre (D:4)
1 creature vanquished.

Grand Total: 105 creatures vanquished

Notes
Turn   | Place    | Note
-------+----------+-------------------------------------------
     0 | D:1      | MachJacob the Hill Orc Necromancer began the quest for the
                  | Orb.
     0 | D:1      | Reached XP level 1. HP: 14/14 MP: 3/3
     2 | D:1      | Learned a level 1 spell: Animate Skeleton
   772 | D:1      | Reached XP level 2. HP: 19/20 MP: 1/4
  1337 | D:2      | Found an iron altar of Okawaru.
  2159 | D:2      | Reached XP level 3. HP: 26/26 MP: 4/6
  2479 | D:3      | Found a stormy altar of Qazlal.
  2643 | D:3      | Reached skill level 5 in Necromancy
  2812 | D:3      | Reached XP level 4. HP: 26/33 MP: 1/7
  3495 | D:3      | Reached XP level 5. HP: 32/38 MP: 1/8
  3631 | D:3      | Found a faded altar of an unknown god.
  4371 | D:4      | Noticed Blork the orc
  4808 | D:4      | Noticed an ogre
  5007 | D:4      | Reached skill level 1 in Fighting
  5007 | D:4      | Reached skill level 6 in Necromancy
  5007 | D:4      | Reached XP level 6. HP: 35/47 MP: 2/10
  5444 | D:4      | Killed Blork the orc
  5868 | D:5      | Entered Level 5 of the Dungeon
  6212 | D:5      | Reached XP level 7. HP: 48/56 MP: 11/11
  6258 | D:5      | Learned a level 4 spell: Animate Dead
  6446 | D:5      | Found Sateeq's Armour Shop.
  6577 | D:5      | Found a staircase to the Ecumenical Temple.
  6590 | Temple   | Entered the Ecumenical Temple
  6751 | Temple   | Became a worshipper of Kikubaaqudgha
  6797 | D:5      | Reached skill level 7 in Necromancy
  7728 | D:6      | Found a sand-covered staircase.
  9064 | D:6      | Reached XP level 8. HP: 63/66 MP: 7/13
  9087 | D:6      | Noticed Edmund
  9961 | D:7      | Slain by a bullfrog

Skill      XL: |  1  2  3  4  5  6  7  8 |
---------------+-------------------------+-----
Spellcasting   | 2 3 |  3.8
Necromancy     | 5 6 7 |  7.9
Fighting       | 1 2 3 4 |  4.1
Dodging        | |  1.5
Stealth        | |  1.5

Action                   |  1- 3 |  4- 6 |  7- 9 || total
-------------------------+-------+-------+-------++-------
Melee: Dagger            |    14 |       |       ||    14
       Short sword       |       |    19 |       ||    19
       Spear             |       |    74 |   103 ||   177
Throw: Stone             |    10 |    22 |    14 ||    46
 Cast: Pain              |    67 |   118 |    78 ||   263
       Animate Skeleton  |     3 |     4 |     4 ||    11
Evoke: Wand              |       |       |     9 ||     9
  Use: Scroll            |     6 |     4 |     2 ||    12
       Potion            |       |       |     1 ||     1
  Eat: Chunk             |     6 |    12 |     8 ||    26
       Ration            |       |       |     1 ||     1
Armor: Robe              |     5 |    26 |    56 ||    87
Dodge: Dodged            |    22 |    67 |    96 ||   185
